 Dungeon Crawl Stone Soup version 0.28-a0-519-gbfeecf2fc5 (webtiles) character file.

Game seed: 6793199233891935546

2 Goblin1989 the Sneak (level 1, 0/18 HPs)
             Began as a Demonspawn Delver on Sept 24, 2021.
             Succumbed to an adder's poison
             ... on level 5 of the Dungeon.
             The game lasted 00:02:13 (279 turns).

Goblin1989 the Sneak (Demonspawn Delver)             Turns: 279, Time: 00:02:14

Health: 0/18       AC:  3    Str: 12    XL:     1   Next: 25%
Magic:  1/1        EV: 11    Int: 11    God:
Gold:   43         SH:  5    Dex: 14    Spells: 0/0 levels left

rFire   . . .      SeeInvis .   a - +0 short sword
rCold   . . .      Faith    .   (no shield)
rNeg    . . .      Spirit   .   b - +0 leather armour
rPois   .          Reflect  +   (no helmet)
rElec   .          Harm     .   (no cloak)
rCorr   .          Rampage  .   (no gloves)
Will    .....                   (no boots)
Stlth   ++........              N - amulet of reflection
HPRegen 0.06/turn               (no ring)
MPRegen 0.07/turn               (no ring)

@: lethally poisoned (0 -> -7)
A: no striking features
a: no special abilities


You were on level 5 of the Dungeon.
You visited 1 branch of the dungeon, and saw 1 of its levels.

You collected 43 gold pieces.

Inventory:

Hand Weapons
 a - a +0 short sword (weapon)
Missiles
 P - 39 stones (quivered) {@Q3}
 R - 18 sling bullets
Armour
 b - a +0 leather armour (worn)
Jewellery
 N - an amulet of reflection (around neck)
Wands
 g - a wand of digging (3) {@v1}
Scrolls
 c - a scroll of fog
 e - a scroll of fear
 M - a scroll of magic mapping
 S - 4 scrolls of enchant armour {unknown}
Potions
 f - a potion of haste {@q3,}
 O - a potion of berserk rage {unknown}
 Q - a potion of might {unknown}
 T - a potion of magic {unknown}


   Skills:
 - Level 3.0 Fighting
 + Level 2.0 Short Blades
 - Level 1.7 Dodging
 - Level 4.5 Stealth


You couldn't memorise any spells.
You didn't know any spells.
Your spell library was empty.

Dungeon Overview and Level Annotations

Branches:
Dungeon (5/15)
 Temple: D:4-7

Altars:


Message History

You now have 30 gold pieces (gained 6).
You open the door.
There is an open door here.
An orc comes into view. It is wielding a +0 mace.
Found 18 sling bullets.
The helpless orc fails to defend itself.
You puncture the orc!
You kill the orc!
Your Short Blades skill increases to level 2!
Unknown command.
Unknown command.
You see here a +0 mace.
Found 3 scrolls labelled OHODE QIKAOSM.
You see here 18 sling bullets.
R - 18 sling bullets
Found a scroll labelled OHODE QIKAOSM.
S - 3 scrolls labelled OHODE QIKAOSM
S - 4 scrolls labelled OHODE QIKAOSM (gained 1)
Found 15 stones.
P - 39 stones {@Q3} (gained 15)
You open the door.
Found 6 gold pieces.
There is an open door here.
Found a stone staircase leading down.
You now have 36 gold pieces (gained 6).
Found 7 gold pieces.
Found a fizzy inky potion.
You now have 43 gold pieces (gained 7).
T - a fizzy inky potion
Found 18 sling bullets.
An adder comes into view.
The adder hisses angrily.
You barely miss the adder. The adder misses you.
You barely miss the adder. The adder misses you.
You hit the adder but do no damage. You block the adder's attack.
The adder misses you.
You closely miss the adder. The adder misses you.
You hit the adder but do no damage. The adder barely misses you.
You closely miss the adder. The adder bites you but does no damage.
The adder bites you.
You take 3 damage, and have 15/18 hp.
You miss the adder. The adder closely misses you.
You closely miss the adder. The adder closely misses you.
You miss the adder. The adder barely misses you.
You miss the adder. The adder closely misses you. You block the adder's attack.
You hit the adder.
The adder is lightly wounded.
The adder bites you but does no damage.
You barely miss the adder.
The adder is lightly wounded.
The adder barely misses you.
You closely miss the adder.
The adder is lightly wounded.
The adder misses you. The adder bites you.
You take 1 damage, and have 15/18 hp.
You hit the adder.
The adder is heavily wounded.
The adder bites you.
You take 1 damage, and have 14/18 hp.
You hit the adder.
The adder is heavily wounded.
The adder bites you.
You are poisoned.
The adder poisons you!
You take 3 damage, and have 11/18 hp.
You closely miss the adder.
The adder is heavily wounded.
You feel sick. The adder barely misses you. You block the adder's attack.
You take 2 damage, and have 9/18 hp.
You miss the adder.
The adder is heavily wounded.
You feel sick. You block the adder's attack.
You take 1 damage, and have 8/18 hp.
You hit the adder.
The adder is almost dead.
You feel sick. You block the adder's attack.
You take 1 damage, and have 7/18 hp.
You barely miss the adder.
The adder is almost dead.
You feel sick. The adder misses you.
You take 1 damage, and have 6/18 hp.
You closely miss the adder.
The adder is almost dead.
You feel sick.
You are no longer poisoned.
You block the adder's attack. x2
You take 1 damage, and have 5/18 hp.
You closely miss the adder.
The adder is almost dead.
The adder barely misses you.
You closely miss the adder.
The adder is almost dead.
The adder bites you.
* * * LOW HITPOINT WARNING * * *
You are lethally poisoned!
The adder poisons you!
You take 3 damage, and have 2/18 hp.
You hit the adder.
You kill the adder!
You die...

█.█.█ █.█.█ █.█.█
█.█.█ █.█.█
██.█.█████ █.........
████████████..█......
█...@†...............
█.█.████████.........
█. ███████...███...
█.█..........█ ...
█.█.█████....█ ...
█.█.█████.████ ███
█.█.......█
█.█.....████████
█>..............


There were no monsters in sight!

Vanquished Creatures
  An adder (D:5)
  An orc (D:5)
2 creatures vanquished.

Notes
Turn   | Place    | Note
-------+----------+-------------------------------------------
     0 | D:5      | Goblin1989 the Demonspawn Delver began the quest for the
                  | Orb.
     0 | D:5      | Reached XP level 1. HP: 18/18 MP: 1/1
   279 | D:5      | Succumbed to an adder's poison

Illustrated notes

Levels and vault maps discovered:
D:5:      layout_basic, kennysheep_generic_room_10

Skill      XL: |  1 |
---------------+----+-----
Short Blades   | 2 |  2.0
Fighting       | |  3.0
Dodging        | |  1.7
Stealth        | |  4.5

Action                   || total
-------------------------++-------
Melee: Short sword       ||    24
 Stab: Sleeping          ||     1
Armor: Leather armour    ||     2
Dodge: Dodged            ||    14
Block: Other             ||     7

Table legend: (Time is in decaauts)
 A = Elapsed time spent in this place.
 B = Non-inter-level travel time spent in this place.
 C = Inter-level travel time spent in this place.
 D = Time resting spent in this place.
 E = Time spent auto-exploring this place.
 F = Levels seen in this place.
 G = Mean time per level.
                   A        B        C        D        E       F      G
               +--------+--------+--------+--------+--------+-----+--------+
         Total |    279 |    279 |      0 |      0 |      0 |   1 |  279.0 |
       Dungeon |    279 |    279 |      0 |      0 |      0 |   1 |  279.0 |
               +--------+--------+--------+--------+--------+-----+--------+

Top non-repeatable levels by time:
     D:5: 279 daAuts
